 Dungeon Crawl Stone Soup version 0.31-a0-204-g7da18cac08 (webtiles) character file.

Game seed: 13235363505386702225

233 Demosthentine the Ducker (level 5, -3/41 HPs)
             Began as a Demonspawn Gladiator on June 27, 2023.
             Slain by AwFulAwFulPlayer's ghost (12 damage)
             ... on level 4 of the Dungeon.
             The game lasted 00:03:28 (3182 turns).

Demosthentine the Ducker (Demonspawn Gladiator)     Turns: 3182, Time: 00:03:29

Health: -3/41      AC:  5    Str: 16    XL:     5   Next: 74%
Magic:  5/5        EV: 13    Int: 10    God:
Gold:   145        SH:  0    Dex: 14    Spells: 4/4 levels left

rFire   + . .        a - +0 trident
rCold   . . .        (no shield)
rNeg    . . .        b - +0 leather armour
rPois   .            c - +0 helmet
rElec   .            (no cloak)
rCorr   .            (no gloves)
SInv    .            (no boots)
Will    .....        (no amulet)
Stlth   +            g - ring of protection from fire
HPRegen 0.26/turn    (no ring)
MPRegen 0.09/turn

%: no passive effects
@: mighty
A: hooves 1, sharp scales 1
a: no special abilities


You were on level 4 of the Dungeon.
You visited 1 branch of the dungeon, and saw 4 of its levels.

You collected 239 gold pieces.
You spent 94 gold pieces at shops.

Inventory:

Hand Weapons
 a - a +0 trident (weapon)
Missiles
 d - 2 throwing nets (quivered)
 e - a javelin
 j - 3 poisoned darts
 q - 5 atropa-tipped darts
Armour
 b - a +0 leather armour (worn)
 c - a +0 helmet (worn)
Jewellery
 g - a ring of protection from fire (left hand)
 s - an amulet of faith
Scrolls
 i - 2 scrolls of noise
Potions
 f - 3 potions of magic {unknown}
 h - a potion of haste
 k - 4 potions of lignification {unknown}
 n - a potion of enlightenment
 p - a potion of ambrosia {unknown}


   Skills:
 + Level 3.5 Fighting
 + Level 3.7 Polearms
 - Level 1.7 Throwing
 + Level 2.3 Armour
 + Level 3.7 Dodging


You had 4 spell levels left.
You didn't know any spells.
Your spell library contained the following spells:

 Spells                   Type           Power      Damage    Failure   Level
 Summon Guardian Golem    Hex/Summ       0%         N/A       80%         3
 Orb of Destruction       Conj           0%         9d5       100%        7
 Spellforged Servitor     Conj/Summ      0%         N/A       100%        7


Dungeon Overview and Level Annotations

Branches:
Dungeon (4/15)
 Temple: D:4-7

Altars:

Shops:
D:2 *

Annotations:
D:4 1 transporter, AwFulAwFulPlayer's ghost, amateur HuDe


Innate Abilities, Weirdness & Mutations

You have large cloven feet.
You are partially covered in razor-sharp scales. (AC +1, Slay +1)


Message History

AwFulAwFulPlayer's ghost turns its malevolent gaze towards you.
The shadow imp shouts, "Slither home, thou peaked toot-wallowing fustilarian!"
There is a transporter here.
Okay, then.
Okay, then.
You enter the transporter and appear at another place.
The shadow imp puffs mist at you.
The hornet zombie attacks as you move away!
The hornet zombie hits you. The hornet zombie closely misses you.
You feel very mighty all of a sudden.
The hornet zombie hits you but does no damage.
You puncture the hornet zombie!
The hornet zombie is lightly damaged.
The hornet zombie hits you.
You closely miss the hornet zombie. Your kick misses the hornet zombie.
The hornet zombie is lightly damaged.
The hornet zombie hits you.
You barely miss the shadow imp. You puncture the shadow imp!
You kill the shadow imp!
You puncture AwFulAwFulPlayer's ghost! You kick AwFulAwFulPlayer's ghost.
AwFulAwFulPlayer's ghost is heavily damaged.
You puncture AwFulAwFulPlayer's ghost!
Your kick misses AwFulAwFulPlayer's ghost.
AwFulAwFulPlayer's ghost is severely damaged.
AwFulAwFulPlayer's ghost screams, "What do you have that I didn't have?"
AwFulAwFulPlayer's ghost hits you! AwFulAwFulPlayer's ghost freezes you.
You hit AwFulAwFulPlayer's ghost.
Your kick misses AwFulAwFulPlayer's ghost.
AwFulAwFulPlayer's ghost is severely damaged.
AwFulAwFulPlayer's ghost completely misses you.
You closely miss AwFulAwFulPlayer's ghost.
You kick AwFulAwFulPlayer's ghost.
AwFulAwFulPlayer's ghost is almost destroyed.
AwFulAwFulPlayer's ghost hits you! AwFulAwFulPlayer's ghost freezes you.
* * * LOW HITPOINT WARNING * * *
You hit AwFulAwFulPlayer's ghost.
AwFulAwFulPlayer's ghost is almost destroyed.
AwFulAwFulPlayer's ghost hits you!
You die...

..# #.................#
..###........©........#
.......#############..#
.......#.....$$....#..#
##.....#?..........#..#
#.....#..##...##..#..#
#.....#..#8...8#..#..#
###+..#..##..Z##..#..#
####...#.....©ZW@..#..#
....<.)#$.##..Z##..#..#
.......#..#8...8#..#..#
.......#..##...##..#..#
.......#.Z.........#..#
#####..#..........©#..#
#..#############..#
#........©........#
#.................#


You could see AwFulAwFulPlayer's ghost, a wyvern zombie, a hornet zombie and a
wyvern skeleton.

Vanquished Creatures
  An ice beast (D:4)
  An iguana (D:4)
  3 adders
  A shadow imp (D:4)
  An ufetubus (D:4)
  A worm (D:3)
  2 dart slugs
  3 ball pythons
  9 bats
  5 endoplasms
  5 giant cockroaches
  7 goblins
  4 hobgoblins
  3 jackals (D:2)
  3 quokkas
  6 frilled lizards
  11 kobolds
  10 rats
76 creatures vanquished.

Notes
Turn   | Place    | Note
-------+----------+-------------------------------------------
     0 | D:1      | Demosthentine the Demonspawn Gladiator began the quest for
                  | the Orb.
     0 | D:1      | Reached XP level 1. HP: 16/16 MP: 1/1
    84 | D:1      | Gained mutation: You have large cloven feet. [demonic
                  | ancestry]
    84 | D:1      | Reached XP level 2. HP: 21/22 MP: 2/2
   521 | D:1      | Reached skill level 1 in Armour
   545 | D:1      | You fall into a shaft and drop 1 floor!
   600 | D:2      | Reached XP level 3. HP: 23/28 MP: 3/3
  1155 | D:2      | Found Vuoniucs's Assorted Antiques.
  1164 | D:2      | Bought a scroll labelled TOENEFEUSS for 25 gold pieces
  1164 | D:2      | Bought a coppery potion for 22 gold pieces
  1164 | D:2      | Bought a scroll labelled IMOVEI YCZYUM for 25 gold pieces
  1164 | D:2      | Bought a fuming grey potion for 22 gold pieces
  1736 | D:3      | Found a faded altar of an unknown god.
  1969 | D:3      | Reached XP level 4. HP: 28/34 MP: 4/4
  2680 | D:4      | Found a transporter.
  2680 | D:4      | Noticed an ice beast
  2682 | D:4      | Noticed AwFulAwFulPlayer's ghost (amateur HuDe)
  2693 | D:4      | Killed an ice beast
  2694 | D:4      | Gained mutation: You are partially covered in razor-sharp
                  | scales. (AC +1, Slay +1) [demonic ancestry]
  2694 | D:4      | Reached XP level 5. HP: 11/41 MP: 5/5
  2813 | D:4      | Found a transporter.
  3182 | D:4      | Slain by AwFulAwFulPlayer's ghost

Illustrated notes

Levels and vault maps discovered:
D:1:      dpeg_arrival_three_same_balls, layout_basic, st_stairs_8
D:2:      layout_basic, serial_glass, glass_columns_b, glass_columns_b,
          serial_shops, shop, chequers_serial_rivers_micro_c,
          lexackson_kobold_supper
D:3:      layout_loops_ring, dreamdust_ecumenical_altar_hidden_monk_grotto,
          serial_glass, glass_columns_a, glass_columns_c
D:4:      layout_basic, gammafunk_ghost_mausoleum

Skill      XL: |  1  2  3  4 |
---------------+-------------+-----
Polearms       | 3 |  3.7
Armour         | 1 2 |  2.3
Dodging        | 3 |  3.7
Fighting       | 3 |  3.5
Throwing       | |  1.7

Action                     |  1- 3 |  4- 6 || total
---------------------------+-------+-------++-------
  Melee: Trident           |   146 |    66 ||   212
         Kick              |    18 |    10 ||    28
  Throw: Throwing net      |       |     1 ||     1
    Use: Scroll            |     7 |     6 ||    13
         Potion            |       |     1 ||     1
   Stab: Sleeping          |     4 |     2 ||     6
         Held in net/web   |       |     1 ||     1
 Armour: Leather armour    |    31 |    11 ||    42
  Dodge: Dodged            |    65 |    34 ||    99

Table legend: (Time is in decaauts)
 A = Elapsed time spent in this place.
 B = Non-inter-level travel time spent in this place.
 C = Inter-level travel time spent in this place.
 D = Time resting spent in this place.
 E = Time spent auto-exploring this place.
 F = Levels seen in this place.
 G = Mean time per level.
                   A        B        C        D        E       F      G
               +--------+--------+--------+--------+--------+-----+--------+
         Total |   3211 |   3105 |    106 |    100 |   2443 |   4 |  802.8 |
       Dungeon |   3211 |   3105 |    106 |    100 |   2443 |   4 |  802.8 |
               +--------+--------+--------+--------+--------+-----+--------+

Top non-repeatable levels by time:
     D:1: 888 daAuts
     D:2: 808 daAuts
     D:4: 775 daAuts
     D:3: 738 daAuts
